 Dungeon Crawl Stone Soup version 0.21.1-1-g345015fe64 (webtiles) character file.

41510 GotenAND the Severer (level 13, -2/115 HPs)
             Began as a Deep Dwarf Fighter on July 4, 2018.
             Was an Elder of Makhleb.
             Slain by a balrug
             ... wielding a +0 demon whip of electrocution
             ... summoned by the player character
              (13 damage)
             ... on level 6 of the Lair of Beasts.
             The game lasted 00:57:46 (11879 turns).

GotenAND the Severer (Deep Dwarf Fighter)          Turns: 11879, Time: 00:57:47

Health: -2/115     AC: 24    Str: 23    XL:     13   Next: 80%
Magic:  5/5        EV:  6    Int:  8    God:    Makhleb [****..]
Gold:   847        SH: 12    Dex:  8    Spells: 26/26 levels left

rFire    . . .     SeeInvis +   a - +3 war axe
rCold    + . .     Gourm    +   c - +0 shield
rNeg     . . .     Faith    .   w - +1 plate armour {MR+}
rPois    .         Spirit   .   F - +0 helmet
rElec    +         Reflect  .   n - +0 cloak
rCorr    .         Harm     .   (no gloves)
MR       ++...     Rnd*Rage +   (no boots)
Stlth    ..........             b - amulet "Meuxtuol" {Gourm rElec Int-3 Dex-4 SInv}
HPRegen  0.00/turn              o - +5 ring of protection
MPRegen  0.09/turn              N - ring of protection from cold

@: liquid flames, non-regenerating, glowing
A: damage resistance, heal wounds, berserk 1, sense surroundings 2, no
regeneration
a: Heal Wounds, Minor Destruction, Lesser Servant of Makhleb, Major Destruction,
Renounce Religion


You were on level 6 of the Lair of Beasts.
You worshipped Makhleb.
Makhleb was greatly pleased with you.
You were very full.

You visited 5 branches of the dungeon, and saw 18 of its levels.

You collected 847 gold pieces.

Inventory:

Hand Weapons
 a - a +3 war axe (weapon)
 y - a +0 morningstar of protection
 G - a +0 war axe
Armour
 c - a +0 shield (worn)
 n - a +0 cloak (worn)
 w - a +1 plate armour of magic resistance (worn)
 C - a +0 plate armour
 F - a +0 helmet (worn)
 O - a +0 pair of boots
Jewellery
 b - the amulet "Meuxtuol" (around neck) {Gourm rElec Int-3 Dex-4 SInv}
   (You acquired it on level 1 of the Lair of Beasts)

   [amulet of the gourmand]

   It allows you to eat raw meat even when not hungry.
   It affects your intelligence (-3).
   It affects your dexterity (-4).
   It insulates you from electricity.
   It lets you see invisible.
 o - a +5 ring of protection (left hand)
 N - a ring of protection from cold (right hand)
 U - an uncursed amulet of regeneration {unknown}
Wands
 g - a wand of iceblast (4)
 p - a wand of polymorph (36)
 H - a wand of disintegration (26)
 I - a wand of paralysis (33)
 J - a wand of digging (15)
 W - a wand of flame (36)
Scrolls
 i - 9 scrolls of remove curse
 k - a scroll of teleportation
 K - a scroll of torment {unknown}
 L - a scroll of amnesia
 M - 2 scrolls of identify
 Q - a scroll of noise {unknown}
 T - a scroll of immolation {unknown}
 X - a scroll of magic mapping {unknown}
Potions
 d - 2 potions of might
 e - a potion of heal wounds
 j - 2 potions of flight
 l - 2 potions of lignification
 m - 2 potions of mutation
 s - a potion of berserk rage
 v - a potion of brilliance
 x - 2 potions of invisibility
 z - 2 potions of degeneration
 A - a potion of haste
 D - a potion of ambrosia
 E - 2 potions of agility
 R - a potion of curing {unknown}
Books
 q - a book of Geomancy

   Spells                             Type                      Level
   a - Sandblast                      Earth                        1
   b - Passwall                       Transmutation/Earth          2
   c - Stone Arrow                    Conjuration/Earth            3
   d - Petrify                        Transmutation/Earth          4
   e - Lee's Rapid Deconstruction     Earth                        5
 t - a book of Maledictions

   Spells                             Type                      Level
   a - Corona                         Hexes                        1
   b - Ensorcelled Hibernation        Hexes/Ice                    2
   c - Confuse                        Hexes                        3
   d - Tukima's Dance                 Hexes                        3
   e - Dazzling Spray                 Conjuration/Hexes            3
 u - a book of Battle

   Spells                             Type                      Level
   a - Infusion                       Charms                       1
   b - Shroud of Golubria             Charms/Translocation         2
   c - Song of Slaying                Charms                       2
   d - Spectral Weapon                Hexes/Charms                 3
   e - Regeneration                   Charms/Necromancy            3
 B - a book of Power

   Spells                             Type                      Level
   a - Iskenderun's Battlesphere      Conjuration/Charms           5
   b - Venom Bolt                     Conjuration/Poison           5
   c - Bolt of Magma                  Conjuration/Fire/Earth       5
   d - Iron Shot                      Conjuration/Earth            6
   e - Orb of Destruction             Conjuration                  7
   f - Spellforged Servitor           Conjuration/Summoning        7
 P - a book of Fire

   Spells                             Type                      Level
   a - Ignite Poison                  Fire/Transmutation/Poison    3
   b - Fireball                       Conjuration/Fire             5
   c - Bolt of Fire                   Conjuration/Fire             6
   d - Ring of Flames                 Charms/Fire                  7
   e - Ignition                       Fire                         8
 S - a book of Changes

   Spells                             Type                      Level
   a - Beastly Appendage              Transmutation                1
   b - Sticks to Snakes               Transmutation                2
   c - Spider Form                    Transmutation/Poison         3
   d - Ice Form                       Ice/Transmutation            4
   e - Blade Hands                    Transmutation                5
 Y - a Grand Grimoire

   Spells                             Type                      Level
   a - Monstrous Menagerie            Summoning                    7
   b - Summon Greater Demon           Summoning                    7
   c - Malign Gateway                 Summoning/Translocation      7
   d - Summon Horrible Things         Summoning                    8
Comestibles
 f - 27 rations
 V - 14 chunks of flesh


   Skills:
 + Level 7.3 Fighting
 * Level 15.8(15.9) Axes
 - Level 2.3(10.1) Maces & Flails
 * Level 12.0 Armour
 * Level 12.0 Shields
 * Level 7.1 Spellcasting
 + Level 0.3 Invocations


You had 26 spell levels left.
You didn't know any spells.

Dungeon Overview and Level Annotations

Branches:
Dungeon (10/15)            Temple (1/1) D:4            Lair (6/6) D:10
 Shoals (0/4) Lair:3        Snake (1/4) Lair:4        Slime (1/5) Lair:5
    Orc: D:9-12

Altars:
Ashenzari
Cheibriados
Dithmenos
Elyvilon
Fedhas
Gozag
Hepliaklqana
Kikubaaqudgha
Makhleb
Nemelex Xobeh
Okawaru
Qazlal
Ru
Sif Muna
Trog
Uskayaw
Vehumet
Wu Jian
Xom
Zin

Annotations:
Lair:4 exclusion: ice statue


Innate Abilities, Weirdness & Mutations

You are resistant to damage.
You can heal yourself by infusing magical energy.
You passively map the area around you.
You do not regenerate.
You tend to lose your temper in combat.


Message History

You miss the balrug. You closely miss the balrug.
You are covered in liquid flames!
* * * LOW HITPOINT WARNING * * *
The balrug gestures at you. Makhleb smites you!
* * * LOW HITPOINT WARNING * * *
The balrug hits you with a demon whip of electrocution.
You are engulfed in flames!!
* * * LOW HITPOINT WARNING * * *
Okay, then.
Unknown command.
You feel much better.
You are covered in liquid flames!
* * * LOW HITPOINT WARNING * * *
The balrug gestures at you. Makhleb smites you!
* * * LOW HITPOINT WARNING * * *
The balrug hits you with a demon whip of electrocution.
You are engulfed in flames!
You die...

, , #........####.#.#
#!.. , , , ,
*#........###...##
....
*##.......##....P#
#... ,,,
#.......####...# #...
, , , * #......##
##.#####..# **
##....<.####..####...P
#..........#.......YD.
, *
#....2..............t.
*
#....@.%†............Y
**
##....2...............
, ,
#....................
, ,
#........).<.........
, , *
#.......#.#.##.#....#
#.......######.#.....#
* #.......# .#......#
, , ##......., , * * ,
, , *


You could see 2 balrugs.

Vanquished Creatures
  Gastronok (D:9)
  Erolcha (D:9)
  Fannar (Lair:3)
  5 hydras
  A catoblepas (Lair:3)
  A two-headed ogre (D:8)
  A naga sharpshooter (Snake:1)
  5 death yaks (Lair:6)
  A naga ritualist (Snake:1)
  Pikel (D:7)
  A mana viper (Snake:1)
  11 elephants
  A torpor snail (Lair:3)
  9 black mambas
  Joseph (D:7)
  9 spiny frogs
  A rime drake (Lair:3)
  4 komodo dragons
  A freezing wraith (Lair:4)
  A troll (D:10)
  A polar bear (Lair:4)
  A hornet (Lair:5)
  13 blink frogs
  The ghost of hofbold the Firebug, an amateur GnFE (D:4)
  6 hippogriffs
  5 dream sheep (Lair:6)
  2 wyverns (Lair:5)
  2 hogs (D:8)
  5 yaks
  2 basilisks
  5 humans (D:8)
  A hungry ghost (D:8)
  Grum (D:9)
  A naga (Snake:1)
  6 water moccasins
  Duvessa (D:6)
  12 porcupines
  An orc warrior (D:8)
  8 ice beasts
  A phantom (D:9)
  2 ogres (D:8)
  2 necrophages
  17 wolves
  3 centaurs
  10 crocodiles
  2 big kobolds (D:8)
  12 bullfrogs
  Dowan (D:6)
  A water moccasin zombie (D:7)
  A scorpion (D:7)
  3 killer bees (D:7)
  3 electric eels (D:10)
  A howler monkey (D:9)
  8 hounds
  3 orc priests
  A gnoll shaman (D:9)
  A centaur skeleton (D:5)
  15 jellies
  7 orc wizards
  An iguana (D:8)
  4 bullfrog skeletons
  Natasha (D:2)
  A worker ant (D:10)
  2 hound zombies (D:8)
  A mummy (D:5)
  A howler monkey skeleton (D:5)
  A worker ant zombie (D:7)
  7 gnolls
  4 adders
  2 shadow imps
  3 white imps (Lair:4)
  An ooze (Lair:5)
  3 dart slugs
  2 leopard geckos
  18 orcs
  6 giant cockroaches
  6 goblins
  2 hobgoblins
  4 jackals
  13 kobolds
  3 quokkas
  7 bats
  2 frilled lizards
  A hobgoblin zombie (D:5)
  3 orc zombies (D:5)
  9 rats
  7 fungi
  A plant (Lair:5)
341 creatures vanquished.

Vanquished Creatures (collateral kills)
  A hydra (Lair:6)
  A death yak (Lair:6)
  An elephant (Lair:3)
  A komodo dragon (Lair:3)
  3 blink frogs (Lair:4)
  A centaur (Lair:3)
8 creatures vanquished.

Vanquished Creatures (others)
  5 dream sheep (D:8)
  A quokka (D:9)
  6 fungi
  4 plants
16 creatures vanquished.

Grand Total: 365 creatures vanquished

Notes
Turn   | Place    | Note
-------+----------+-------------------------------------------
     0 | D:1      | GotenAND the Deep Dwarf Fighter began the quest for the Orb.
     0 | D:1      | Reached XP level 1. HP: 20/20 MP: 1/1
    79 | D:1      | Reached XP level 2. HP: 27/27 MP: 2/2
   198 | D:1      | Found a sparkling altar of Nemelex Xobeh.
   708 | D:1      | Reached XP level 3. HP: 29/33 MP: 3/3
   833 | D:2      | Reached skill level 3 in Axes
  1060 | D:2      | Noticed Natasha
  1066 | D:2      | Killed Natasha
  1144 | D:2      | You fall through a shaft for 2 floors!
  1150 | D:4      | Reached XP level 4. HP: 37/40 MP: 4/4
  1166 | D:4      | Reached skill level 4 in Axes
  1221 | D:4      | Noticed hofbold's ghost (amateur GnFE)
  1228 | D:4      | Reached skill level 1 in Spellcasting
  1229 | D:4      | Reached XP level 5. HP: 38/48 MP: 6/6
  1242 | D:4      | Killed hofbold's ghost
  1242 | D:4      | Reached skill level 5 in Axes
  1242 | D:4      | Reached XP level 6. HP: 30/56 MP: 5/7
  1550 | D:4      | Found a staircase to the Ecumenical Temple.
  1565 | Temple   | Entered the Ecumenical Temple
  1814 | Temple   | Became a worshipper of Makhleb the Destroyer
  1944 | D:5      | Entered Level 5 of the Dungeon
  1971 | D:5      | Reached skill level 6 in Axes
  1971 | D:5      | Reached XP level 7. HP: 55/62 MP: 8/8
  2890 | D:6      | Reached skill level 5 in Shields
  3009 | D:6      | Reached skill level 5 in Armour
  3131 | D:6      | Noticed Dowan
  3132 | D:6      | Noticed Duvessa
  3147 | D:6      | Killed Duvessa
  3147 | D:6      | Reached skill level 7 in Axes
  3154 | D:6      | Killed Dowan
  3178 | D:6      | Reached XP level 8. HP: 62/68 MP: 10/10
  3471 | D:7      | Noticed Joseph
  3494 | D:7      | Killed Joseph
  3494 | D:7      | Reached skill level 8 in Axes
  3969 | D:7      | Reached * piety under Makhleb
  3981 | D:7      | Noticed Pikel
  3999 | D:7      | Killed Pikel
  3999 | D:7      | Reached skill level 9 in Axes
  3999 | D:7      | Gained mutation: You passively map the area around you. [Deep Dwarf growth]
  3999 | D:7      | Reached XP level 9. HP: 63/78 MP: 11/11
  4417 | D:8      | Reached skill level 10 in Axes
  4535 | D:8      | Found a shimmering altar of Xom.
  4601 | D:8      | Reached skill level 11 in Axes
  4601 | D:8      | Reached XP level 10. HP: 58/87 MP: 11/11
  4726 | D:8      | Reached ** piety under Makhleb
  4821 | D:8      | Found an opulent altar of Gozag.
  4824 | D:8      | Found a shadowy altar of Dithmenos.
  4827 | D:8      | Found a sacrificial altar of Ru.
  4839 | D:8      | Found a stormy altar of Qazlal.
  4943 | D:8      | Found an ancient bone altar of Kikubaaqudgha.
  5331 | D:8      | Noticed a two-headed ogre
  5352 | D:8      | Killed a two-headed ogre
  5413 | D:9      | Noticed Erolcha
  5428 | D:9      | Killed Erolcha
  5428 | D:9      | Reached skill level 12 in Axes
  5534 | D:9      | Noticed Grum
  5542 | D:9      | Reached skill level 5 in Fighting
  5554 | D:9      | Killed Grum
  5655 | D:9      | Noticed Gastronok
  5698 | D:9      | Killed Gastronok
  5698 | D:9      | Reached XP level 11. HP: 59/96 MP: 8/10
  5787 | D:9      | Found a white marble altar of Elyvilon.
  6087 | D:9      | Found a sparkling altar of Nemelex Xobeh.
  6087 | D:9      | Found a hide-covered altar of Uskayaw.
  6198 | D:10     | Entered Level 10 of the Dungeon
  6255 | D:10     | Reached *** piety under Makhleb
  6255 | D:10     | Reached skill level 13 in Axes
  6325 | D:10     | Found a staircase to the Lair.
  6376 | Lair:1   | Entered Level 1 of the Lair of Beasts
  6455 | Lair:1   | Reached skill level 5 in Spellcasting
  6731 | Lair:1   | Noticed a seven-headed hydra
  6750 | Lair:1   | Killed a seven-headed hydra
  6819 | Lair:1   | Reached skill level 1 in Maces & Flails
  7174 | Lair:1   | Identified a scroll of acquirement
  7184 | Lair:1   | Got a sparkling graven amulet
  7185 | Lair:1   | Identified the amulet "Meuxtuol" {Gourm rElec Int-3 Dex-4 SInv} (You acquired it on level 1 of the Lair of Beasts)
  7901 | Lair:2   | Reached **** piety under Makhleb
  7929 | Lair:2   | Reached XP level 12. HP: 98/104 MP: 9/9
  7984 | Lair:2   | Noticed an eight-headed hydra
  7999 | Lair:2   | Killed an eight-headed hydra
  8507 | Lair:3   | Noticed Fannar
  8530 | Lair:3   | Killed Fannar
  8530 | Lair:3   | Reached skill level 14 in Axes
  8530 | Lair:3   | Reached skill level 10 in Shields
  8576 | Lair:3   | Found a staircase to the Shoals.
  8628 | Lair:3   | Reached skill level 10 in Armour
  8734 | Lair:3   | Noticed a four-headed hydra
  8755 | Lair:3   | Killed a five-headed hydra
  8761 | Lair:3   | Gained mutation: You tend to lose your temper in combat. [a neqoxec]
  8992 | Lair:3   | Noticed a catoblepas
  9054 | Lair:3   | Killed a catoblepas
  9903 | Lair:4   | Found a staircase to the Snake Pit.
  9939 | Snake:1  | Entered Level 1 of the Snake Pit
  9954 | Snake:1  | Reached skill level 15 in Axes
  9954 | Snake:1  | Reached XP level 13. HP: 92/112 MP: 10/10
 10638 | Lair:5   | Found a staircase to the Slime Pits.
 10722 | Slime:1  | Entered Level 1 of the Pits of Slime
 11129 | Lair:5   | Reached ***** piety under Makhleb
 11620 | Lair:6   | Entered Level 6 of the Lair of Beasts
 11875 | Lair:6   | Noticed a balrug
 11876 | Lair:6   | Noticed a balrug
 11878 | Lair:6   | HP: 2/115 [balrug/demon whip of electrocution[the player character] (18)]
 11879 | Lair:6   | Slain by a balrug

Skill      XL: |  1  2  3  4  5  6  7  8  9 10 11 12 13 |
---------------+----------------------------------------+-----
Axes           | 3 4 5 6 7 9 11 12 13 15 | 15.8
Shields        | 4 5 6 7 8 9 10 12 | 12.0
Armour         | 4 5 6 7 8 9 11 12 | 12.0
Spellcasting   | 1 2 3 4 5 6 7 |  7.1
Fighting       | 3 4 5 6 7 |  7.3
Maces & Flails | 1 2 |  2.3
Invocations    | |  0.3

Action                   |  1- 3 |  4- 6 |  7- 9 | 10-12 | 13-15 || total
-------------------------+-------+-------+-------+-------+-------++-------
Melee: War axe           |   118 |    83 |   263 |   804 |   370 ||  1638
       Morningstar       |       |       |       |    31 |    40 ||    71
Invok: Lesser Servant of |       |       |       |     4 |     1 ||     5
       Greater Servant o |       |       |       |       |     2 ||     2
 Abil: Heal Wounds       |     2 |     5 |    10 |    34 |    26 ||    77
  Use: Scroll            |       |     9 |     1 |    10 |     2 ||    22
 Stab: Distracted        |       |       |       |     1 |       ||     1
  Eat: Chunk             |     1 |     2 |     6 |    34 |     6 ||    49
       Ration            |       |       |     1 |       |       ||     1
Armor: Scale mail        |    73 |    39 |   131 |    71 |       ||   314
       Skin              |       |       |    10 |       |       ||    10
       Plate armour      |       |       |       |   511 |   361 ||   872
Dodge: Dodged            |    46 |    31 |    82 |   204 |   119 ||   482
Block: Shield            |    87 |    38 |   156 |   546 |   322 ||  1149
